 Dungeon Crawl Stone Soup version 0.20.1-1-g8b1a95d (webtiles) character file.

286 Jazqa the Skirmisher (level 6, 0/57 HPs)
             Began as a Hill Orc Monk on Oct 31, 2017.
             Slain by a kobold
             ... wielding a +0 whip
              (3 damage)
             ... on level 5 of the Dungeon.
             The game lasted 00:03:02 (2759 turns).

Jazqa the Skirmisher (Hill Orc Monk)                Turns: 2759, Time: 00:03:02

Health: 0/57       AC:  2    Str: 16    XL:     6   Next: 30%
Magic:  6/6        EV: 13    Int: 10    God:
Gold:   170        SH:  0    Dex: 13    Spells: 5/5 levels left

rFire    + . .     SeeInvis .   i - +2 flail (crush)
rCold    . . .     Gourm    .   (no shield)
rNeg     . . .     Faith    .   b - +0 robe
rPois    .         Spirit   .   (no helmet)
rElec    .         Reflect  .   (no cloak)
rCorr    .         Harm     .   (no gloves)
MR       .....                  (no boots)
Stlth    ++........             (no amulet)
Regen    0.2/turn               (no ring)
MPRegen  0.1/turn               (no ring)

@: no status effects
A: hooves 1, blurry vision 1, fire resistance 1
a: no special abilities


You were on level 5 of the Dungeon.
You were not hungry.

You visited 1 branch of the dungeon, and saw 5 of its levels.

You collected 170 gold pieces.


Innate Abilities, Weirdness & Mutations

You have large cloven feet.
Scrolls take you a little longer to read.
Your flesh is heat resistant. (rF+)


   Skills:
 + Level 6.2 Fighting
 + Level 5.9 Maces & Flails
 - Level 2.4 Dodging
 - Level 1.5 Stealth


You had 5 spell levels left.
You didn't know any spells.

Inventory:

Hand Weapons
 a - a +1 mace
 i - a +2 flail of crushing (weapon)
Armour
 b - a +0 robe (worn)
Scrolls
 d - a scroll of identify {@r1}
 f - a scroll of blinking {unknown}
 g - a scroll of enchant weapon
 j - 2 scrolls of enchant armour
 m - a scroll of recharging
Potions
 e - a potion of heal wounds {@q2}
 h - a potion of magic {unknown}
 k - a potion of mutation {!q}
 l - a potion of might
Comestibles
 c - 5 bread rations {@e1}

Dungeon Overview and Level Annotations

Branches:
Dungeon (4/15)
 Temple: D:4-7

Altars:
Qazlal

Annotations:
D:2 1 runed door

.. .# .# ##.#
##..###
#.########...... .
#...........####...
#@K.........#
#†##.....$..#
#.##..####.##
#.##.... #>##.####
#.#.8K #.....
####.# #.


You could see a kobold.


Message History

Unknown command.
You hit the sky beast. Your kick misses the sky beast.
The sky beast is almost dead.
The sky beast hits you.
* * * LOW HITPOINT WARNING * * *
The sky beast shocks you.
* * * LOW HITPOINT WARNING * * *
The kobold completely misses you.
You miss the sky beast. Your kick misses the sky beast.
The sky beast is almost dead.
The sky beast misses you. The kobold hits you with a whip.
* * * LOW HITPOINT WARNING * * *
You barely miss the kobold. Your kick misses the kobold.
The sky beast closely misses you. The kobold hits you with a whip!
* * * LOW HITPOINT WARNING * * *
The sky beast hits you.
* * * LOW HITPOINT WARNING * * *
The sky beast shocks you.
* * * LOW HITPOINT WARNING * * *
You hit the sky beast.
You kill the sky beast!
Your Fighting skill increases to level 6!
You have reached level 6!
Your experience leads to an increase in your attributes!
Increase (S)trength, (I)ntelligence, or (D)exterity?
You feel stronger. The kobold closely misses you.
You closely miss the kobold. Your kick misses the kobold.
The kobold hits you with a whip.
You die...

Skill      XL: |  1  2  3  4  5 |
---------------+----------------+-----
Fighting       | 4 5 6 |  6.2
Maces & Flails | 4 5 |  5.9
Dodging        | |  2.4
Stealth        | |  1.5

Action                   |  1- 3 |  4- 6 || total
-------------------------+-------+-------++-------
Melee: Mace              |    69 |    82 ||   151
       Kick              |     1 |    18 ||    19
       Flail             |       |    16 ||    16
  Use: Potion            |     4 |       ||     4
       Scroll            |       |     5 ||     5
 Stab: Sleeping          |     3 |     2 ||     5
  Eat: Chunk             |       |     6 ||     6
Armor: Robe              |    15 |     7 ||    22
Dodge: Dodged            |    66 |    63 ||   129

Vault maps used:
D:1:      lemuel_arrival_cross, serial_glass, glass_columns_a, glass_columns_c,
          glass_columns_b, glass_columns_c, glass_columns_b, glass_columns_b,
          glass_columns_a, glass_columns_c, glass_columns_b, glass_columns_a,
          glass_columns_b, glass_columns_b, glass_columns_c, glass_columns_a
D:2:      kennysheep_big_flooded_room, first_bread, uniq_crazy_yiuf_cottage,
          uniq_jessica
D:3:      grunt_qazlal_sundering, minmay_misc_feat_columns
D:5:      minmay_temple_entry_fiery, serial_shops, shop_statue, uniq_menkaure

Notes
Turn   | Place    | Note
-------+----------+-------------------------------------------
     0 | D:1      | Jazqa the Hill Orc Monk began the quest for the Orb.
     0 | D:1      | Reached XP level 1. HP: 19/19 MP: 1/1
   226 | D:1      | Reached XP level 2. HP: 23/27 MP: 2/2
   257 | D:1      | Reached skill level 4 in Fighting
   684 | D:2      | Reached skill level 4 in Maces & Flails
   684 | D:2      | Reached XP level 3. HP: 30/34 MP: 3/3
   887 | D:2      | Noticed Jessica
   893 | D:2      | Gained mutation: Scrolls take you a little longer to read. [potion of mutation]
   893 | D:2      | Gained mutation: Your flesh is heat resistant. (rF+) [potion of mutation]
   893 | D:2      | Gained mutation: You have large cloven feet. [potion of mutation]
   903 | D:2      | Killed Jessica
   903 | D:2      | Reached XP level 4. HP: 40/41 MP: 4/4
  1108 | D:2      | Reached skill level 5 in Fighting
  1303 | D:2      | Found a runed door.
  1748 | D:3      | Found a stormy altar of Qazlal.
  2485 | D:3      | Reached XP level 5. HP: 41/48 MP: 5/5
  2544 | D:3      | Reached skill level 5 in Maces & Flails
  2744 | D:4      | You fall through a shaft!
  2744 | D:5      | Entered Level 5 of the Dungeon
  2749 | D:5      | Noticed a sky beast
  2757 | D:5      | HP: 2/50 [sky beast (5)]
  2758 | D:5      | Killed a sky beast
  2758 | D:5      | Reached skill level 6 in Fighting
  2758 | D:5      | Reached XP level 6. HP: 2/57 MP: 6/6
  2759 | D:5      | Slain by a kobold

Vanquished Creatures
  A sky beast (D:5)
  A howler monkey (D:4)
  A quasit (D:5)
  Jessica (D:2)
  4 adders
  An ooze (D:2)
  2 worms (D:2)
  A leopard gecko (D:3)
  4 orcs (D:3)
  2 bats
  2 giant cockroaches
  4 goblins
  6 hobgoblins
  5 jackals
  A quokka (D:3)
  5 frilled lizards
  5 kobolds
  6 rats
52 creatures vanquished.
